 Dungeon Crawl Stone Soup version 0.18.1-50-g88ac8fd (webtiles) character file.

434 tognito the Chopper (level 6, -7/57 HPs)
             Began as a Minotaur Berserker on Oct 16, 2016.
             Was a Priest of Trog.
             Splashed by an oklob plant's acid (16 damage)
             ... on level 4 of the Dungeon.
             The game lasted 00:08:42 (3733 turns).

tognito the Chopper (Minotaur Berserker)            Turns: 3733, Time: 00:08:47

Health: -7/57      AC:  4    Str: 23    XL:     6   Next: 67%
Magic:  5/5        EV: 12    Int:  4    God:    Trog [***...]
Gold:   146        SH:  0    Dex: 10    Spells: 0 memorised, 5 levels left

rFire  . . .     SeeInvis .     a - +1 hand axe
rCold  . . .     Gourm    .     i - +0 ring mail
rNeg   . . .     Faith    .     (no shield)
rPois  .         Spirit   .     (helmet restricted)
rElec  .         Dismiss  .     g - +1 cloak
rCorr  .         Reflect  .     (no gloves)
SustAt .         Harm     .     (no boots)
MR     +....     Rnd*Tele +     (no amulet)
Stlth  ..........               m - ring of protection from magic
                                b - ring of teleportation (curse)

@: corroded, somewhat resistant to hostile enchantments, extremely unstealthy
A: retaliatory headbutt, horns 2
a: Berserk, Trog's Hand, Burn Spellbooks, Renounce Religion


You were on level 4 of the Dungeon.
You worshipped Trog.
Trog was most pleased with you.
You were not hungry.

You visited 1 branch of the dungeon, and saw 4 of its levels.
You also visited: Sewer.

You collected 146 gold pieces.

Inventory:

Hand Weapons
 a - a +1 hand axe (weapon)
Missiles
 d - 22 bolts
Armour
 g - a +1 cloak (worn)
 i - a +0 ring mail (worn)
Jewellery
 b - a cursed ring of teleportation (left hand)
 m - a ring of protection from magic (right hand)
Scrolls
 h - 3 scrolls of identify
 l - a scroll of blinking
 n - a scroll of enchant weapon
Potions
 j - 3 potions of curing
 k - 2 potions of magic
Miscellaneous
 e - a plain deck of summoning {Repulsiveness}
Comestibles
 c - 6 bread rations
 f - 6 meat rations
 p - a beef jerky


   Skills:
 * Level 5.7 Fighting
 * Level 5.9 Axes
 + Level 4.4 Armour
 + Level 3.9 Dodging


You had 5 spell levels left.
You didn't know any spells.

Dungeon Overview and Level Annotations

Branches:
Dungeon (4/15)             Temple (0/1) D:4

Altars:
Fedhas
Nemelex Xobeh
The Shining One

Annotations:
D:4 exclusion: oklob plant


Innate Abilities, Weirdness & Mutations

You reflexively headbutt those who attack you in melee.
You have a pair of horns on your head.


Message History

The fungus is moderately damaged.
You hit the fungus.
The fungus is moderately damaged.
You hit the plant.
The plant is lightly damaged.
You slash the fungus!
The fungus is heavily damaged.
The oklob plant spits acid at you. The splash of acid hits you!
The acid burns!
The oklob plant spits acid at you. The splash of acid hits you!
The acid corrodes you!
The acid burns!
You see here 3 fruits.
You hit the oklob plant but do no damage.
You headbutt the oklob plant, but do no damage.
You hit the plant but do no damage. x2
The oklob plant spits acid at you. The splash of acid hits you!
* * * LOW HITPOINT WARNING * * *
The acid burns!
You die... .......# #.......# .......# #..)....# .......# #.......# .......# #.......# .......###.......# .............######### ##### .............#PPPPPP.## PPPP #+##.......###P#P%#.PP# .PP#PP ...........# #PP@..%PP##PPPP ......(....# #P..PPPPPPPP###.#

..........[#
#.#.PP##.......P.
..##.......#
#PP.P##..≈≈.≈≈..P
####.......#
##P..P..≈≈≈.≈≈≈..
#
#P#PP..≈≈≈≈.≈≈≈≈.
#
##PP..≈≈≈≈≈.≈≈≈≈≈
#
###P.≈≈≈≈...≈≈≈≈
# PPP.≈≈≈≈._.≈≈≈≈


You could see an oklob plant.

Vanquished Creatures
  A big kobold (D:3)
  3 worker ants
  4 gnolls (D:3)
  18 adders
  An ooze (D:2)
  3 worms
  2 dart slugs (D:3)
  A giant gecko (D:4)
  An orc (D:4)
  8 bats
  3 giant cockroaches
  6 hobgoblins
  7 jackals
  15 kobolds
  2 quokkas (D:2)
  7 ball pythons
  A giant newt (Sewer)
  3 goblins
  5 rats
  A fungus (D:4)
  A plant (Sewer)
93 creatures vanquished.

Notes
Turn   | Place    | Note
--------------------------------------------------------------
     0 | D:1      | tognito the Minotaur Berserker began the quest for the Orb.
     0 | D:1      | Reached XP level 1. HP: 19/19 MP: 0/0
   102 | D:1      | Found a sparkling altar of Nemelex Xobeh.
   230 | D:1      | Reached XP level 2. HP: 24/27 MP: 1/1
   609 | D:1      | Reached ** piety under Trog
   968 | D:2      | Reached XP level 3. HP: 31/33 MP: 2/2
  1205 | D:2      | Reached XP level 4. HP: 39/41 MP: 3/3
  1269 | D:2      | Found a glowing golden altar of the Shining One.
  1639 | D:2      | Reached skill level 5 in Fighting
  2080 | D:3      | Found a glowing drain.
  2105 | D:3      | Reached skill level 5 in Axes
  2107 | D:3      | Reached XP level 5. HP: 44/48 MP: 4/4
  2120 | Sewer    | Entered a sewer
  2299 | Sewer    | Reached *** piety under Trog
  3006 | D:3      | Reached XP level 6. HP: 44/56 MP: 5/5
  3467 | D:4      | Found a staircase to the Ecumenical Temple.
  3717 | D:4      | Found a blossoming altar of Fedhas.
  3718 | D:4      | Noticed an oklob plant
  3733 | D:4      | Splashed by an oklob plant's acid

Skill      XL: |  1  2  3  4  5 |
---------------+----------------+-----
Axes           | 4 5 |  5.9
Fighting       | 4 5 |  5.7
Armour         | 3 4 |  4.4
Dodging        | 3 |  3.9

Action                   |  1- 3 |  4- 6 || total
-------------------------+-------+-------++-------
Melee: Hand axe          |    77 |   178 ||   255
       Headbutt          |     5 |    40 ||    45
  Use: Potion            |     4 |     2 ||     6
       Scroll            |     5 |     5 ||    10
  Eat: Chunk             |     1 |     8 ||     9
Armor: Animal skin       |    13 |       ||    13
       Ring mail         |     6 |    62 ||    68
Dodge: Dodged            |    58 |    82 ||   140
